 Dungeon Crawl Stone Soup version 0.31-a0-354-g827e0957a7 (webtiles) character file.

Game seed: 14322018467155862669

245 drugrobin the Cudgeller (level 5, -1/63 HPs)
             Began as a Demigod Delver on July 24, 2023.
             Slain by an iguana (9 damage)
             ... on level 4 of the Dungeon.
             The game lasted 00:10:51 (3109 turns).

drugrobin the Cudgeller (Demigod Delver)            Turns: 3109, Time: 00:10:52

Health: -1/63      AC:  9    Str: 17    XL:     5   Next: 53%
Magic:  7/7        EV:  7    Int: 23    God:
Gold:   193        SH:  4    Dex: 15    Spells: 4/4 levels left

rFire   . . .        p - +3 long sword of Xighe {freeze, *Rage rPois rN+ Int+8}
rCold   . . .        e - +0 buckler
rNeg    + . .        A - +0 chain mail
rPois   +            q - +1 hat {Int+3}
rElec   .            (no cloak)
rCorr   .            (no gloves)
SInv    .            (no boots)
Will    .....        r - amulet of the acrobat Stlth
                     (no ring)
HPRegen 0.30/turn    (no ring)
MPRegen 0.10/turn

%: random rage (20%), acrobat
@: berserking, very quick
A: high MP 1, forlorn, divine attributes
a: no special abilities


You were on level 4 of the Dungeon.
You visited 1 branch of the dungeon, and saw 5 of its levels.

You collected 193 gold pieces.

Inventory:

Hand Weapons
 a - a +0 flail
 b - a +0 sling
 m - a +0 whip
 p - the +3 long sword of Xighe (weapon) {freeze, *Rage rPois rN+ Int+8}
   (You found it on level 2 of the Dungeon)

   Int:       It affects your intelligence (+8).
   rPois:     It protects you from poison.
   rN:        It protects you from negative energy.
   *Rage:     It berserks you when you make melee attacks (+20% chance).
 D - a +0 mace
Missiles
 u - 15 poisoned darts
 w - 6 javelins
 x - 3 boomerangs (quivered)
Armour
 e - a +0 buckler (worn)
 h - a +0 leather armour
 n - a +0 scale mail
 q - a +1 hat of intelligence (worn)
 A - a +0 chain mail (worn)
Jewellery
 r - an amulet of the acrobat (around neck)
Wands
 g - a wand of digging (2)
 y - a wand of polymorph (5)
Scrolls
 c - a scroll of fog
 d - a scroll of revelation
 j - 4 scrolls of blinking {unknown}
 o - 3 scrolls of brand weapon {unknown}
 t - 2 scrolls of amnesia {unknown}
 v - a scroll of silence {unknown}
 C - a scroll of identify {unknown}
Potions
 f - a potion of haste
 i - 2 potions of brilliance {unknown}
 k - 2 potions of curing {unknown}
 l - a potion of mutation {unknown}
 s - a potion of cancellation {unknown}
 z - a potion of might {unknown}
 B - 2 potions of ambrosia {unknown}


   Skills:
 - Level 2.6 Fighting
 + Level 5.6 Maces & Flails
 - Level 1.7 Dodging
 - Level 4.5 Stealth


You had 4 spell levels left.
You didn't know any spells.
Your spell library contained the following spells:

 Spells                   Type           Power      Damage    Failure   Level
 Volatile Blastmotes      Fire/Tloc      0%         2d10      100%        3
 Fulminant Prism          Conj/Hex       0%         3d5       100%        4
 Iskenderun's Mystic Bla  Conj/Tloc      0%         2d3       100%        4


Dungeon Overview and Level Annotations

Branches:
Dungeon (5/15)
 Temple: D:4-7

Shops:
D:4 [   D:5 !

Annotations:
D:2 exclusion: 2 doors


Innate Abilities, Weirdness & Mutations

You have an increased reservoir of magic. (+10% MP)
You shall have no god before yourself.
Your divine heritage dramatically boosts your attributes as you level up.


Message History

The gnoll hits you but does no damage. The gnoll barely misses you.
The gnoll closely misses you.
Unknown command.
Unknown command.
You barely miss the gnoll.
The gnoll shouts!
You block the gnoll's attack. The gnoll hits you with a +0 club.
Unknown command.
Unknown command.
The iguana barely misses you. The gnoll barely misses you.
You block the gnoll's attack.
You climb upwards.
There is a stone staircase leading down, spattered with blood here.
You hit the iguana but do no damage.
You recover from your berserk rage.
The iguana bites you! You block the gnoll's attack. The iguana bites you!
The gnoll hits you but does no damage.
You hit the iguana. You freeze the iguana.
The iguana is lightly wounded.
You block the iguana's attack. The gnoll hits you but does no damage.
Unknown command.
You completely miss the iguana.
The iguana is lightly wounded.
The iguana bites you.
* * * LOW HITPOINT WARNING * * *
The gnoll hits you but does no damage. The iguana bites you!
* * * LOW HITPOINT WARNING * * *
You block the gnoll's attack.
Unknown command.
You barely miss the iguana.
The iguana is lightly wounded.
You block the iguana's attack. The gnoll barely misses you.
Unknown command.
Unknown command.
A red film seems to cover your vision as you go berserk!
You feel yourself moving faster!
You feel mighty!
You hit the iguana. You freeze the iguana.
The iguana is heavily wounded.
The iguana bites you!
You die...

#####...######.......#..##...##..
..>...................†##...##~##
#######.#######.....####⌠..######
#.#...........## #∩..######
#.#.~..~~......# ##...##~##
##...~..........# ##...##..
#..~..~~........# ##......
#.##......g.l..## #######
######.######.##@).## ....##.#
#.###### ###.>..#### #..#
#####.....####.###
..#....##..###...#
#(#.######....##.####### #...#
####.##.......# #..##
#..........# ....# ####.8..#..#


You could see an iguana and a gnoll.

Vanquished Creatures
  An ice beast (D:4)
  4 adders
  3 gnolls
  3 dart slugs
  6 orcs
  7 bats
  3 endoplasms (D:2)
  4 giant cockroaches
  9 goblins
  4 hobgoblins
  3 jackals (D:2)
  2 quokkas
  4 ball pythons (D:1)
  4 frilled lizards
  11 kobolds
  6 rats
74 creatures vanquished.

Notes
Turn   | Place    | Note
-------+----------+-------------------------------------------
     0 | D:5      | drugrobin the Demigod Delver began the quest for the Orb.
     0 | D:5      | Reached XP level 1. HP: 18/18 MP: 3/3
     9 | D:5      | Noticed a phantom
   114 | D:5      | Noticed an ice beast
   169 | D:5      | Noticed an iguana
   169 | D:5      | Found Rougino's Distillery.
   291 | D:2      | Noticed a black bear
   328 | D:2      | Reached skill level 2 in Maces & Flails
   356 | D:2      | Identified the +3 long sword of Xighe {freeze, *Rage rPois
                  | rN+ Int+8}
   459 | D:2      | Reached XP level 2. HP: 20/25 MP: 4/4
   514 | D:2      | Reached skill level 3 in Maces & Flails
   760 | D:1      | Reached XP level 3. HP: 29/30 MP: 5/5
  1472 | D:2      | Reached skill level 4 in Maces & Flails
  1930 | D:3      | Reached XP level 4. HP: 37/37 MP: 6/6
  2747 | D:4      | Found Michael's Dragon-Slaying Spoils.
  2833 | D:4      | Killed an ice beast
  2834 | D:4      | Reached skill level 5 in Maces & Flails
  2834 | D:4      | Reached XP level 5. HP: 42/42 MP: 7/7
  3109 | D:4      | Slain by an iguana

Illustrated notes

Levels and vault maps discovered:
D:1:      onia_arrival_mini_spirals, layout_rooms
D:2:      minmay_evil_eye, layout_loops_ring, shapermc_ecumenical_altar_ellora,
          minmay_pentomino_q2
D:3:      layout_rooms, nicolae_uskayaw_dance_hall, chequers_decorated_corner,
          hex_medium, hex_intersection, minmay_goblin_kobold_house
D:4:      layout_rooms, zin_statuary, serial_rivers,
          chequers_serial_rivers_micro_d, chequers_serial_rivers_micro_c,
          chequers_serial_rivers_marsh, chequers_serial_rivers_small_a,
          chequers_serial_rivers_room_a, nicolae_shop_dragon_depot,
          minmay_misc_feat_rows
D:5:      layout_rooms, mainiacjoe_overflow_alcove_2, serial_shops,
          nicolae_stop_n_shop_1, nrook_campfire

Skill      XL: |  1  2  3  4 |
---------------+-------------+-----
Maces & Flails | 2 3 4 5 |  5.6
Fighting       | |  2.6
Dodging        | |  1.7
Stealth        | |  4.5

Action                     |  1- 3 |  4- 6 || total
---------------------------+-------+-------++-------
  Melee: Mace              |   119 |    35 ||   154
         Long sword        |    25 |    36 ||    61
         Flail             |       |    12 ||    12
   Fire: Sling             |    36 |     8 ||    44
  Throw: Javelin           |     2 |       ||     2
  Evoke: Wand              |     1 |       ||     1
    Use: Scroll            |     1 |       ||     1
         Potion            |     1 |       ||     1
 Armour: Leather armour    |    15 |       ||    15
         Scale mail        |    55 |     8 ||    63
         Chain mail        |       |    35 ||    35
  Dodge: Dodged            |    82 |    46 ||   128
  Block: Buckler           |    38 |    29 ||    67

Table legend: (Time is in decaauts)
 A = Elapsed time spent in this place.
 B = Non-inter-level travel time spent in this place.
 C = Inter-level travel time spent in this place.
 D = Time resting spent in this place.
 E = Time spent auto-exploring this place.
 F = Levels seen in this place.
 G = Mean time per level.
                   A        B        C        D        E       F      G
               +--------+--------+--------+--------+--------+-----+--------+
         Total |   3235 |   3107 |    128 |    325 |   1690 |   5 |  647.0 |
       Dungeon |   3235 |   3107 |    128 |    325 |   1690 |   5 |  647.0 |
               +--------+--------+--------+--------+--------+-----+--------+

Top non-repeatable levels by time:
     D:4: 1049 daAuts
     D:2: 934 daAuts
     D:1: 639 daAuts
     D:3: 528 daAuts
     D:5: 83 daAuts
